NULL
Full Scoreboard »»

Sharks vs Kings

Created - February 4, 2024 at 19:54

Goals
1 2 3 T
Sharks 0 1 2 3
Kings 0 1 0 1
Shots
1 2 3 T
Sharks 12 6 15 33
Kings 7 10 14 31

GoalsPenalties
1st period
No Goal
Alexander Edler (SJS) for Slashing (Minor) at 7:08
2nd period
1. Sharks , Daniil But 8 (Derek Stepan 6, Noel Acciari 11) at 8:39
2. Kings , Anze Kopitar 13 (William Karlsson 13) at 14:19 (PP)
Gustav Forsling (LAK) for Tripping (Minor) at 2:01
Nick Ritchie (SJS) for Roughing (Minor) at 4:53
Nick Ritchie (SJS) for Tripping (Minor) at 14:13
Nikolaj Ehlers (SJS) for Roughing (Minor) at 15:22
Sebastian Aho (D) (SJS) for Hooking (Minor) at 19:05
3rd period
3. Sharks , Noel Acciari 4 (Derek Stepan 7, Mark Giordano 11) at 9:39
4. Sharks , Nikolaj Ehlers 17 (Sidney Crosby 30, Mark Giordano 12) at 18:57
Aleksander Barkov (LAK) for Fighting (Major) at 3:10
Auston Matthews (SJS) for Fighting (Major) at 3:10
Rasmus Ristolainen (SJS) for Tripping (Minor) at 4:32
Alexander Edler (SJS) for Roughing (Minor) at 7:16
Anze Kopitar (LAK) for Interference (Minor) at 11:44
Goalie Stats
Akira Schmid (SJS), 30 saves from 31 shots - (0.968), W, 7-2-1, 60:00 minutes
Anton Forsberg (LAK), 30 saves from 33 shots - (0.909), L, 5-4-0, 60:00 minutes
3 StarsOfficial
1 - Noel Acciari (SJS)
2 - Akira Schmid (SJS)
3 - Mark Giordano (SJS)
Referees : Unknown
Linesman : Unknown
Game Note
Auston Matthews beats up Aleksander Barkov at 3:10 of 3rd period



Team Name Goals Shots Shots Attemp Shots Blocked PIM HIT PP PK FO%
Sharks 33359519210 / 2 (0%)143%
Kings 13168109171 / 7 (14%)057%

Sharks
Player Name POS G A P +/- PIM HIT SHT SB MP PP MP PP SHT PK MP PK SHT FO% FOT GA TA
Alexander EdlerD0000421020:402:0814:0700% 000
Auston MatthewsC/LW/RW0001515023:352:0704:30252% 2501
Brendan LemieuxLW/RW000000003:220:0000:51033% 300
Carl GrundstromRW000000006:380:0000:0000% 000
Daniil ButLW1012026113:000:0000:0000% 210
Derek StepanC/LW/RW0222026014:000:0001:0600% 011
Dustin BrownLW/RW0000021013:371:5100:0000% 100
Frederick GaudreauC/LW/RW0000010013:381:5100:0000% 112
Gustav NyquistC/LW/RW0000022019:221:5105:43033% 610
Mark GiordanoD0223015123:251:5015:5510% 000
Nick RitchieLW000040006:450:0000:0000% 000
Nikolaj EhlersLW/RW1011233019:052:0704:40050% 400
Noel AcciariC/LW/RW1122011014:580:0002:05044% 1801
Philip BrobergD0000021015:010:0000:5600% 001
Rasmus RistolainenD0003201321:501:5004:1300% 001
Sebastian Aho (D)D0000210017:030:0002:2100% 010
Sidney CrosbyC/LW/RW0111001019:412:0705:1900% 021
William BorgenD0000010022:262:0806:2800% 001
Kings
Player Name POS G A P +/- PIM HIT SHT SB MP PP MP PP SHT PK MP PK SHT FO% FOT GA TA
Aleksander BarkovC000-1513016:154:4510:16027% 1100
Anze KopitarC1010226018:495:2020:59075% 2411
Gabriel VilardiC000-100319:170:0000:56067% 610
Gustav ForslingD000-2231222:436:0400:5200% 010
Ilya LyubushkinD0000000114:190:0000:5700% 000
Joel HanleyD0000010114:010:0000:0000% 000
Kevin FialaC/LW/RW000-1030118:115:3600:0800% 110
Kirill MarchenkoRW000-100008:260:2000:0000% 000
Matvei MichkovRW000-1006013:081:0300:00060% 520
Michael McCarronC000-100008:060:0000:0000% 100
Noah HanifinD000-2003124:346:0402:1200% 000
Oscar KlefbomD000-1000021:485:5602:0900% 000
Patrik LaineLW/RW0000011018:045:4010:0000% 001
Rickard RakellC/LW/RW000-1014017:515:2210:0000% 000
Ryan DonatoC/LW/RW000-1020012:400:0001:4700% 111
Vladislav GavrikovD000-1002222:385:5601:4600% 012
William KarlssonC/LW/RW0110000020:035:2902:0300% 111
Yanni GourdeC/LW/RW000-1032115:062:2501:47060% 1001

Sharks

5 vs 5 Forward
Line #Left WingCenterRight WingPHYDFOFWanted %Time %Time Play
1Sidney CrosbyAuston MatthewsNikolaj Ehlers1223028%12:04
2Dustin BrownGustav NyquistFrederick Gaudreau1223029%12:35
3Daniil ButNoel AcciariDerek Stepan1223029%12:34
4Nick RitchieAuston MatthewsCarl Grundstrom1221015%6:38
5 vs 5 Defense
Line #DefenseDefensePHYDFOFWanted %Time %Time Play
1Mark GiordanoRasmus Ristolainen1223031%13:42
2Alexander EdlerWilliam Borgen1223032%13:58
3Philip BrobergSebastian Aho (D)1223032%13:57
4Mark GiordanoRasmus Ristolainen122105%2:14
Power Play Forward
Line #Left WingCenterRight WingPHYDFOFWanted %Time %Time Play
1Sidney CrosbyAuston MatthewsNikolaj Ehlers1225053%2:07
2Dustin BrownGustav NyquistFrederick Gaudreau1225047%1:51
Power Play Defense
Line #DefenseDefensePHYDFOFWanted %Time %Time Play
1Mark GiordanoRasmus Ristolainen1225046%1:50
2Alexander EdlerWilliam Borgen1225054%2:08
Penalty Kill 4 Players Forward
Line #CenterWingPHYDFOFWanted %Time %Time Play
1Auston MatthewsSidney Crosby1225047%5:41
2Nikolaj EhlersGustav Nyquist1225053%6:19
Penalty Kill 4 Players Defense
Line #DefenseDefensePHYDFOFWanted %Time %Time Play
1Mark GiordanoRasmus Ristolainen1225044%5:20
2Alexander EdlerWilliam Borgen1225056%6:40
Penalty Kill 3 Players
Line #WingPHYDFOFWanted %Time %Time PlayDefenseDefensePHYDFOFWanted %Time %Time Play
1Auston Matthews122500%0:00 Mark GiordanoRasmus Ristolainen122500%0:00
2Sidney Crosby122500%0:00 Alexander EdlerWilliam Borgen122500%0:00
4 vs 4 Forward
Line #CenterWingPHYDFOFWanted %Time %Time Play
1Auston MatthewsSidney Crosby122500%0:00
2Nikolaj EhlersGustav Nyquist122500%0:00
4 vs 4 Defense
Line #DefensePHYDFOFWanted %Time %Time Play
1Mark GiordanoRasmus Ristolainen122500%0:00
2Alexander EdlerWilliam Borgen122500%0:00
Last Minutes Offensive
Left WingCenterRight WingDefenseDefense
Sidney CrosbyAuston MatthewsNikolaj EhlersMark GiordanoRasmus Ristolainen
Last Minutes Defensive
Left WingCenterRight WingDefenseDefense
Sidney CrosbyAuston MatthewsNikolaj EhlersMark GiordanoRasmus Ristolainen
Time
Total ForwardTotal DefenseLast Minutes OffensiveLast Minutes Defensive
60:00 60:00 0:000:11
Extra Forwards
Normal PowerPlayPenalty Kill
Brendan Lemieux, Daniil But, Noel AcciariBrendan Lemieux, Daniil ButNoel Acciari
Extra Defensemen
Normal PowerPlayPenalty Kill
Philip Broberg, Sebastian Aho (D), Alexander EdlerPhilip Broberg, Sebastian Aho (D)Alexander Edler
Penalty Shots
Auston Matthews, Sidney Crosby, Nikolaj Ehlers, Gustav Nyquist, Dustin Brown
Goalie
Akira Schmid, Adam Gajan
Custom OT Lines Forwards
Auston Matthews, Sidney Crosby, Nikolaj Ehlers, Gustav Nyquist, Dustin Brown, Frederick Gaudreau, Daniil But, Noel Acciari, Nick Ritchie, Derek Stepan
Custom OT Lines Defensemen
Mark Giordano, Rasmus Ristolainen, Alexander Edler, William Borgen, Philip Broberg
Scratches
Alex Ciernik (Healthy), Albert Wikman (Healthy), Aleksandr Kisakov (Healthy)

Kings

5 vs 5 Forward
Line #Left WingCenterRight WingPHYDFOFWanted %Time %Time Play
1Kevin FialaAleksander BarkovPatrik Laine1223028%12:23
2William KarlssonAnze KopitarRickard Rakell1223028%12:30
3Ryan DonatoYanni GourdeMatvei Michkov1222725%10:53
4Michael McCarronGabriel VilardiKirill Marchenko1221318%8:06
5 vs 5 Defense
Line #DefenseDefensePHYDFOFWanted %Time %Time Play
1Noah HanifinVladislav Gavrikov1223634%15:02
2Gustav ForslingOscar Klefbom1223431%13:33
3Joel HanleyIlya Lyubushkin1223032%14:01
4Noah HanifinGustav Forsling12203%1:16
Power Play Forward
Line #Left WingCenterRight WingPHYDFOFWanted %Time %Time Play
1Kevin FialaAleksander BarkovRickard Rakell1135053%6:20
2William KarlssonAnze KopitarPatrik Laine1135047%5:40
Power Play Defense
Line #DefenseDefensePHYDFOFWanted %Time %Time Play
1Noah HanifinGustav Forsling1225051%6:04
2Vladislav GavrikovOscar Klefbom1225049%5:56
Penalty Kill 4 Players Forward
Line #CenterWingPHYDFOFWanted %Time %Time Play
1Anze KopitarWilliam Karlsson1225054%2:08
2Yanni GourdeRyan Donato1225046%1:50
Penalty Kill 4 Players Defense
Line #DefenseDefensePHYDFOFWanted %Time %Time Play
1Noah HanifinGustav Forsling1225055%2:12
2Vladislav GavrikovOscar Klefbom1225045%1:46
Penalty Kill 3 Players
Line #WingPHYDFOFWanted %Time %Time PlayDefenseDefensePHYDFOFWanted %Time %Time Play
1Anze Kopitar122500%0:00 Noah HanifinGustav Forsling122500%0:00
2Yanni Gourde122500%0:00 Vladislav GavrikovOscar Klefbom122500%0:00
4 vs 4 Forward
Line #CenterWingPHYDFOFWanted %Time %Time Play
1Aleksander BarkovAnze Kopitar122500%0:00
2William KarlssonRickard Rakell122500%0:00
4 vs 4 Defense
Line #DefensePHYDFOFWanted %Time %Time Play
1Noah HanifinGustav Forsling122500%0:00
2Vladislav GavrikovOscar Klefbom122500%0:00
Last Minutes Offensive
Left WingCenterRight WingDefenseDefense
Kevin FialaAleksander BarkovRickard RakellNoah HanifinGustav Forsling
Last Minutes Defensive
Left WingCenterRight WingDefenseDefense
Kevin FialaAleksander BarkovRickard RakellNoah HanifinGustav Forsling
Time
Total ForwardTotal DefenseLast Minutes OffensiveLast Minutes Defensive
60:00 60:00 0:100:00
Extra Forwards
Normal PowerPlayPenalty Kill
Matvei Michkov, Yanni Gourde, Gabriel VilardiYanni Gourde, Matvei MichkovGabriel Vilardi
Extra Defensemen
Normal PowerPlayPenalty Kill
Ilya Lyubushkin, Vladislav Gavrikov, Joel HanleyOscar Klefbom, Oscar KlefbomVladislav Gavrikov
Penalty Shots
Aleksander Barkov, Anze Kopitar, Kevin Fiala, Rickard Rakell, William Karlsson
Goalie
Anton Forsberg, Pheonix Copley
Custom OT Lines Forwards
Aleksander Barkov, Anze Kopitar, Kevin Fiala, Rickard Rakell, William Karlsson, Patrik Laine, Yanni Gourde, Gabriel Vilardi, Matvei Michkov, Ryan Donato
Custom OT Lines Defensemen
Noah Hanifin, Gustav Forsling, Vladislav Gavrikov, Oscar Klefbom, Ilya Lyubushkin
Scratches
Ben Hutton (Healthy), Nicolas Aube-Kubel (Healthy)


Play-by-Play

1st period


0:01 of 1st period - Auston Matthews wins face-off versus Aleksander Barkov in neutral zone.
0:17 of 1st period - Slapshot by Auston Matthews.
0:17 of 1st period - Shot Misses the Net.
1:12 of 1st period - Wrist shot by Auston Matthews.
1:12 of 1st period - Shot Misses the Net.
2:08 of 1st period - Off-side.
2:09 of 1st period - Auston Matthews wins face-off versus Yanni Gourde in neutral zone.
2:12 of 1st period - Snap shot by Matvei Michkov.
2:12 of 1st period - Stopped by Akira Schmid without a rebound.
2:13 of 1st period - Yanni Gourde wins face-off versus Auston Matthews in Sharks zone.
2:16 of 1st period - Wrist shot by Matvei Michkov.
2:16 of 1st period - Shot Misses the Net.
3:12 of 1st period - Snap shot by Dustin Brown.
3:12 of 1st period - Shot Misses the Net.
3:31 of 1st period - Snap shot by Gabriel Vilardi.
3:31 of 1st period - Stopped by Akira Schmid with a rebound.
3:33 of 1st period - Wrist shot by Gabriel Vilardi.
3:33 of 1st period - Shot Misses the Net.
4:13 of 1st period - Vladislav Gavrikov is hit by Daniil But.
4:19 of 1st period - Snap shot by Daniil But.
4:19 of 1st period - Stopped by Anton Forsberg with a rebound.
4:25 of 1st period - Wrist shot by Derek Stepan.
4:25 of 1st period - Deflect By Aleksander Barkov.
4:25 of 1st period - Stopped by Anton Forsberg without a rebound.
4:26 of 1st period - Anze Kopitar wins face-off versus Auston Matthews in Kings zone.
4:52 of 1st period - Ilya Lyubushkin is hit by Frederick Gaudreau and loses puck.
5:01 of 1st period - Ryan Donato is hit by Sebastian Aho (D) and loses puck.
5:14 of 1st period - Auston Matthews is hit by Gustav Forsling and loses puck.
5:19 of 1st period - Slapshot by Noah Hanifin.
5:19 of 1st period - Stopped by Akira Schmid without a rebound.
5:20 of 1st period - Gabriel Vilardi wins face-off versus Auston Matthews in Sharks zone.
5:33 of 1st period - Slapshot by Noah Hanifin.
5:33 of 1st period - Deflect By Kirill Marchenko.
5:33 of 1st period - Shot Blocked by Rasmus Ristolainen.
5:33 of 1st period - Puck is out of play.
5:34 of 1st period - Gustav Nyquist wins face-off versus Aleksander Barkov in Sharks zone.
6:06 of 1st period - Slapshot by Sidney Crosby.
6:06 of 1st period - Shot Misses the Net.
6:12 of 1st period - Snap shot by Rickard Rakell.
6:12 of 1st period - Stopped by Akira Schmid without a rebound.
6:13 of 1st period - Yanni Gourde wins face-off versus Noel Acciari in Sharks zone.
6:40 of 1st period - Gustav Forsling is hit by Auston Matthews and loses puck.
7:08 of 1st period - Minor Penalty to Alexander Edler for Slashing.
7:09 of 1st period - Aleksander Barkov wins face-off versus Auston Matthews in Sharks zone.
7:21 of 1st period - Snap shot by Aleksander Barkov.
7:21 of 1st period - Shot Misses the Net.
7:23 of 1st period - Snap shot by Rickard Rakell.
7:23 of 1st period - Shot Misses the Net.
7:25 of 1st period - Slapshot by Vladislav Gavrikov.
7:25 of 1st period - Shot Blocked by Rasmus Ristolainen.
7:48 of 1st period - Nikolaj Ehlers is hit by Anze Kopitar and loses puck.
9:08 of 1st period - Penalty to Alexander Edler is over, Alexander Edler is back on ice.
9:25 of 1st period - Derek Stepan is hit by Joel Hanley and loses puck.
9:54 of 1st period - Yanni Gourde is hit by Alexander Edler and loses puck.
11:09 of 1st period - Yanni Gourde is hit by Alexander Edler and loses puck.
11:20 of 1st period - Slapshot by Gustav Nyquist.
11:20 of 1st period - Shot Blocked by Ilya Lyubushkin.
11:30 of 1st period - Slapshot by Matvei Michkov.
11:30 of 1st period - Shot Misses the Net.
11:44 of 1st period - Slapshot by Yanni Gourde.
11:44 of 1st period - Shot Misses the Net.
11:52 of 1st period - Yanni Gourde is hit by Gustav Nyquist and loses puck.
12:34 of 1st period - Snap shot by Dustin Brown.
12:34 of 1st period - Stopped by Anton Forsberg without a rebound.
12:35 of 1st period - Auston Matthews wins face-off versus Aleksander Barkov in Kings zone.
13:17 of 1st period - Snap shot by Derek Stepan.
13:17 of 1st period - Stopped by Anton Forsberg without a rebound.
13:18 of 1st period - Auston Matthews wins face-off versus Michael McCarron in Kings zone.
13:27 of 1st period - Wrist shot by Auston Matthews.
13:27 of 1st period - Shot Misses the Net.
13:51 of 1st period - Snap shot by Kevin Fiala.
13:51 of 1st period - Shot Misses the Net.
13:53 of 1st period - Slapshot by Vladislav Gavrikov.
13:53 of 1st period - Stopped by Akira Schmid with a rebound.
13:55 of 1st period - Slapshot by Vladislav Gavrikov.
13:55 of 1st period - Deflect By Auston Matthews.
13:55 of 1st period - Stopped by Akira Schmid without a rebound.
13:56 of 1st period - Anze Kopitar wins face-off versus Noel Acciari in Sharks zone.
14:01 of 1st period - Wrist shot by Anze Kopitar.
14:01 of 1st period - Stopped by Akira Schmid without a rebound.
14:02 of 1st period - Noel Acciari wins face-off versus Anze Kopitar in Sharks zone.
14:13 of 1st period - Snap shot by Daniil But.
14:13 of 1st period - Shot Misses the Net.
14:15 of 1st period - Slapshot by Rasmus Ristolainen.
14:15 of 1st period - Stopped by Anton Forsberg without a rebound.
14:16 of 1st period - Auston Matthews wins face-off versus Aleksander Barkov in Kings zone.
14:19 of 1st period - Snap shot by Sidney Crosby.
14:19 of 1st period - Stopped by Anton Forsberg with a rebound.
14:21 of 1st period - Wrist shot by Auston Matthews.
14:21 of 1st period - Shot Misses the Net.
14:23 of 1st period - Snap shot by Nikolaj Ehlers.
14:23 of 1st period - Stopped by Anton Forsberg with a rebound.
14:40 of 1st period - Icing by Kevin Fiala.
14:41 of 1st period - Aleksander Barkov wins face-off versus Noel Acciari in Kings zone.
14:45 of 1st period - Off-side.
14:46 of 1st period - Noel Acciari wins face-off versus Anze Kopitar in neutral zone.
15:28 of 1st period - Wrist shot by Daniil But.
15:28 of 1st period - Stopped by Anton Forsberg without a rebound.
15:29 of 1st period - Yanni Gourde wins face-off versus Auston Matthews in Kings zone.
16:07 of 1st period - William Karlsson is hit by Philip Broberg and loses puck.
16:30 of 1st period - Snap shot by Aleksander Barkov.
16:30 of 1st period - Shot Misses the Net.
16:32 of 1st period - Wrist shot by Patrik Laine.
16:32 of 1st period - Shot Misses the Net.
16:58 of 1st period - Gustav Nyquist is hit by Ryan Donato.
17:24 of 1st period - Snap shot by Daniil But.
17:24 of 1st period - Deflect By William Karlsson.
17:24 of 1st period - Stopped by Anton Forsberg without a rebound.
17:25 of 1st period - Noel Acciari wins face-off versus William Karlsson in Kings zone.
19:00 of 1st period - Snap shot by Auston Matthews.
19:00 of 1st period - Stopped by Anton Forsberg with a rebound.
19:10 of 1st period - Snap shot by Auston Matthews.
19:10 of 1st period - Shot Blocked by Vladislav Gavrikov.
19:12 of 1st period - Wrist shot by Auston Matthews.
19:12 of 1st period - Stopped by Anton Forsberg with a rebound.
19:22 of 1st period - Snap shot by Nick Ritchie.
19:22 of 1st period - Shot Blocked by Noah Hanifin.
19:24 of 1st period - Snap shot by Auston Matthews.
19:24 of 1st period - Stopped by Anton Forsberg without a rebound.
19:25 of 1st period - Gustav Nyquist wins face-off versus Anze Kopitar in Kings zone.
19:55 of 1st period - Slapshot by Derek Stepan.
19:55 of 1st period - Deflect By Daniil But.
19:55 of 1st period - Shot Blocked by Yanni Gourde.
19:55 of 1st period - Puck is out of play.
19:56 of 1st period - Yanni Gourde wins face-off versus Noel Acciari in Kings zone.
Goals for this period are 0 for Sharks vs 0 for Kings.
Shots for this period are 12 for Sharks vs 7 for Kings.

2nd period


0:01 of 2nd period - Anze Kopitar wins face-off versus Auston Matthews in neutral zone.
0:01 of 2nd period - Anze Kopitar is hit by William Borgen.
0:09 of 2nd period - Wrist shot by Anze Kopitar.
0:09 of 2nd period - Shot Misses the Net.
0:11 of 2nd period - Wrist shot by Anze Kopitar.
0:11 of 2nd period - Stopped by Akira Schmid without a rebound.
0:12 of 2nd period - Auston Matthews wins face-off versus Anze Kopitar in Sharks zone.
0:17 of 2nd period - Rickard Rakell is hit by Mark Giordano and loses puck.
0:26 of 2nd period - Snap shot by Anze Kopitar.
0:26 of 2nd period - Shot Misses the Net.
1:40 of 2nd period - Gustav Nyquist is hit by Anze Kopitar and loses puck.
1:53 of 2nd period - Snap shot by Rickard Rakell.
1:53 of 2nd period - Stopped by Akira Schmid without a rebound.
1:54 of 2nd period - Noel Acciari wins face-off versus Aleksander Barkov in Sharks zone.
1:59 of 2nd period - Slapshot by Mark Giordano.
1:59 of 2nd period - Stopped by Anton Forsberg with a rebound.
2:01 of 2nd period - Minor Penalty to Gustav Forsling for Tripping.
2:02 of 2nd period - Auston Matthews wins face-off versus Anze Kopitar in Kings zone.
2:13 of 2nd period - Snap shot by Sidney Crosby.
2:13 of 2nd period - Shot Misses the Net.
2:36 of 2nd period - Snap shot by Gustav Nyquist.
2:36 of 2nd period - Shot Misses the Net.
2:38 of 2nd period - Slapshot by Alexander Edler.
2:38 of 2nd period - Stopped by Anton Forsberg with a rebound.
4:01 of 2nd period - Penalty to Gustav Forsling is over, Gustav Forsling is back on ice.
4:10 of 2nd period - Noel Acciari is hit by Kevin Fiala and loses puck.
4:17 of 2nd period - Wrist shot by Kevin Fiala.
4:17 of 2nd period - Shot Misses the Net.
4:53 of 2nd period - Minor Penalty to Nick Ritchie for Roughing.
4:54 of 2nd period - Anze Kopitar wins face-off versus Auston Matthews in Sharks zone.
5:18 of 2nd period - Patrik Laine is hit by Nikolaj Ehlers and loses puck.
5:23 of 2nd period - Snap shot by Nikolaj Ehlers.
5:23 of 2nd period - Shot Blocked by Vladislav Gavrikov.
5:59 of 2nd period - Wrist shot by Aleksander Barkov.
5:59 of 2nd period - Shot Misses the Net.
6:01 of 2nd period - Wrist shot by Vladislav Gavrikov.
6:01 of 2nd period - Shot Misses the Net.
6:03 of 2nd period - Slapshot by Vladislav Gavrikov.
6:03 of 2nd period - Shot Misses the Net.
6:37 of 2nd period - Wrist shot by Rickard Rakell.
6:37 of 2nd period - Shot Misses the Net.
6:39 of 2nd period - Slapshot by Rickard Rakell.
6:39 of 2nd period - Stopped by Akira Schmid without a rebound.
6:40 of 2nd period - Nikolaj Ehlers wins face-off versus Anze Kopitar in Sharks zone.
6:53 of 2nd period - Penalty to Nick Ritchie is over, Nick Ritchie is back on ice.
7:13 of 2nd period - Slapshot by Matvei Michkov.
7:13 of 2nd period - Stopped by Akira Schmid without a rebound.
7:14 of 2nd period - Yanni Gourde wins face-off versus Daniil But in Sharks zone.
7:41 of 2nd period - Wrist shot by Gabriel Vilardi.
7:41 of 2nd period - Shot Misses the Net.
7:49 of 2nd period - Backhand shot by Kirill Marchenko.
7:49 of 2nd period - Shot Misses the Net.
8:23 of 2nd period - Off-side.
8:24 of 2nd period - Noel Acciari wins face-off versus Yanni Gourde in neutral zone.
8:33 of 2nd period - Snap shot by Daniil But.
8:33 of 2nd period - Deflect By Derek Stepan.
8:33 of 2nd period - Deflect By Matvei Michkov.
8:33 of 2nd period - Stopped by Anton Forsberg with a rebound.
8:35 of 2nd period - Snap shot by Derek Stepan.
8:35 of 2nd period - Stopped by Anton Forsberg with a rebound.
8:37 of 2nd period - Snap shot by Derek Stepan.
8:37 of 2nd period - Shot Misses the Net.
8:39 of 2nd period - Snap shot by Daniil But.
8:39 of 2nd period - Goal by Daniil But - Sharks : 1 - Kings : 0.
8:40 of 2nd period - Anze Kopitar wins face-off versus Auston Matthews in neutral zone.
9:06 of 2nd period - Frederick Gaudreau is hit by Gustav Forsling and loses puck.
9:31 of 2nd period - Snap shot by Matvei Michkov.
9:31 of 2nd period - Stopped by Akira Schmid with a rebound.
9:41 of 2nd period - Snap shot by Yanni Gourde.
9:41 of 2nd period - Shot Misses the Net.
9:57 of 2nd period - Michael McCarron is hit by Derek Stepan and loses puck.
10:42 of 2nd period - Alexander Edler is hit by Kevin Fiala.
10:45 of 2nd period - Off-side.
10:46 of 2nd period - Auston Matthews wins face-off versus Kevin Fiala in neutral zone.
11:21 of 2nd period - Snap shot by Auston Matthews.
11:21 of 2nd period - Shot Misses the Net.
12:03 of 2nd period - Wrist shot by Auston Matthews.
12:03 of 2nd period - Shot Blocked by Kevin Fiala.
12:25 of 2nd period - Patrik Laine is hit by Nikolaj Ehlers and loses puck.
12:36 of 2nd period - Wrist shot by Aleksander Barkov.
12:36 of 2nd period - Stopped by Akira Schmid without a rebound.
12:37 of 2nd period - Anze Kopitar wins face-off versus Gustav Nyquist in Sharks zone.
12:48 of 2nd period - Slapshot by William Karlsson.
12:48 of 2nd period - Shot Misses the Net.
13:02 of 2nd period - William Borgen is hit by Yanni Gourde and loses puck.
13:11 of 2nd period - Wrist shot by Yanni Gourde.
13:11 of 2nd period - Shot Misses the Net.
14:13 of 2nd period - Minor Penalty to Nick Ritchie for Tripping.
14:14 of 2nd period - Anze Kopitar wins face-off versus Noel Acciari in Sharks zone.
14:17 of 2nd period - Wrist shot by William Karlsson.
14:17 of 2nd period - Shot Misses the Net.
14:19 of 2nd period - Wrist shot by Anze Kopitar.
14:19 of 2nd period - Goal by Anze Kopitar - Sharks : 1 - Kings : 1.
14:20 of 2nd period - Anze Kopitar wins face-off versus Gustav Nyquist in neutral zone.
14:23 of 2nd period - Wrist shot by Noah Hanifin.
14:23 of 2nd period - Deflect By William Karlsson.
14:23 of 2nd period - Deflect By Gustav Nyquist.
14:23 of 2nd period - Shot Misses the Net.
14:23 of 2nd period - Puck is out of play.
14:24 of 2nd period - Anze Kopitar wins face-off versus Gustav Nyquist in Sharks zone.
14:31 of 2nd period - Snap shot by Rickard Rakell.
14:31 of 2nd period - Stopped by Akira Schmid without a rebound.
14:32 of 2nd period - Anze Kopitar wins face-off versus Nikolaj Ehlers in Sharks zone.
15:22 of 2nd period - Minor Penalty to Nikolaj Ehlers for Roughing.
15:23 of 2nd period - Noel Acciari wins face-off versus Aleksander Barkov in Sharks zone.
15:23 of 2nd period - Noel Acciari is hit by Aleksander Barkov.
17:22 of 2nd period - Penalty to Nikolaj Ehlers is over, Nikolaj Ehlers is back on ice.
17:31 of 2nd period - Gabriel Vilardi is hit by Philip Broberg.
17:35 of 2nd period - Oscar Klefbom is hit by Dustin Brown and loses puck.
17:48 of 2nd period - Matvei Michkov is hit by Derek Stepan and loses puck.
18:14 of 2nd period - Alexander Edler is hit by Ryan Donato.
18:18 of 2nd period - Snap shot by William Borgen.
18:18 of 2nd period - Shot Blocked by Joel Hanley.
18:20 of 2nd period - Slapshot by Mark Giordano.
18:20 of 2nd period - Deflect By Anze Kopitar.
18:20 of 2nd period - Stopped by Anton Forsberg without a rebound.
18:21 of 2nd period - Anze Kopitar wins face-off versus Brendan Lemieux in Kings zone.
18:56 of 2nd period - Wrist shot by Yanni Gourde.
18:56 of 2nd period - Stopped by Akira Schmid with a rebound.
19:05 of 2nd period - Minor Penalty to Sebastian Aho (D) for Hooking.
19:06 of 2nd period - Anze Kopitar wins face-off versus Auston Matthews in Sharks zone.
19:20 of 2nd period - Snap shot by Anze Kopitar.
19:20 of 2nd period - Deflect By Gustav Nyquist.
19:20 of 2nd period - Shot Misses the Net.
19:20 of 2nd period - Puck is out of play.
19:21 of 2nd period - Nikolaj Ehlers wins face-off versus Aleksander Barkov in Sharks zone.
19:56 of 2nd period - Wrist shot by Patrik Laine.
19:56 of 2nd period - Shot Misses the Net.
19:58 of 2nd period - Snap shot by Anze Kopitar.
19:58 of 2nd period - Stopped by Akira Schmid with a rebound.
Goals for this period are 1 for Sharks vs 1 for Kings.
Shots for this period are 6 for Sharks vs 10 for Kings.

3rd period


0:01 of 3rd period - Anze Kopitar wins face-off versus Auston Matthews in neutral zone.
0:11 of 3rd period - Wrist shot by Auston Matthews.
0:11 of 3rd period - Stopped by Anton Forsberg with a rebound.
0:13 of 3rd period - Slapshot by Mark Giordano.
0:13 of 3rd period - Stopped by Anton Forsberg with a rebound.
0:15 of 3rd period - Slapshot by Rasmus Ristolainen.
0:15 of 3rd period - Deflect By Auston Matthews.
0:15 of 3rd period - Stopped by Anton Forsberg with a rebound.
0:17 of 3rd period - Slapshot by Mark Giordano.
0:17 of 3rd period - Shot Misses the Net.
0:47 of 3rd period - Snap shot by Aleksander Barkov.
0:47 of 3rd period - Stopped by Akira Schmid with a rebound.
1:05 of 3rd period - Penalty to Sebastian Aho (D) is over, Sebastian Aho (D) is back on ice.
1:13 of 3rd period - Snap shot by Gustav Nyquist.
1:13 of 3rd period - Stopped by Anton Forsberg without a rebound.
1:14 of 3rd period - Yanni Gourde wins face-off versus Noel Acciari in Kings zone.
1:14 of 3rd period - Yanni Gourde is hit by Daniil But.
1:24 of 3rd period - Snap shot by Yanni Gourde.
1:24 of 3rd period - Stopped by Akira Schmid without a rebound.
1:25 of 3rd period - Anze Kopitar wins face-off versus Auston Matthews in Sharks zone.
1:56 of 3rd period - Off-side.
1:57 of 3rd period - Aleksander Barkov wins face-off versus Frederick Gaudreau in neutral zone.
2:02 of 3rd period - Wrist shot by Aleksander Barkov.
2:02 of 3rd period - Stopped by Akira Schmid without a rebound.
2:03 of 3rd period - Anze Kopitar wins face-off versus Gustav Nyquist in Sharks zone.
2:18 of 3rd period - Rasmus Ristolainen is hit by Rickard Rakell and loses puck.
2:40 of 3rd period - Snap shot by Rickard Rakell.
2:40 of 3rd period - Shot Hit the Post.
2:42 of 3rd period - Wrist shot by Anze Kopitar.
2:42 of 3rd period - Stopped by Akira Schmid with a rebound.
2:44 of 3rd period - Backhand shot by Noah Hanifin.
2:44 of 3rd period - Stopped by Akira Schmid with a rebound.
2:58 of 3rd period - Slapshot by Mark Giordano.
2:58 of 3rd period - Stopped by Anton Forsberg without a rebound.
2:59 of 3rd period - Auston Matthews wins face-off versus Aleksander Barkov in Kings zone.
3:10 of 3rd period - Auston Matthews beats up Aleksander Barkov.
3:10 of 3rd period - Penalty to Aleksander Barkov for Fighting.
3:10 of 3rd period - Penalty to Auston Matthews for Fighting.
3:11 of 3rd period - Matvei Michkov wins face-off versus Brendan Lemieux in Sharks zone.
3:14 of 3rd period - Slapshot by Matvei Michkov.
3:14 of 3rd period - Shot Misses the Net.
3:16 of 3rd period - Slapshot by Matvei Michkov.
3:16 of 3rd period - Stopped by Akira Schmid without a rebound.
3:17 of 3rd period - Brendan Lemieux wins face-off versus Matvei Michkov in Sharks zone.
3:50 of 3rd period - Wrist shot by Daniil But.
3:50 of 3rd period - Stopped by Anton Forsberg without a rebound.
3:51 of 3rd period - Matvei Michkov wins face-off versus Noel Acciari in Kings zone.
4:00 of 3rd period - Wrist shot by Daniil But.
4:00 of 3rd period - Stopped by Anton Forsberg without a rebound.
4:01 of 3rd period - Matvei Michkov wins face-off versus Daniil But in Kings zone.
4:01 of 3rd period - Matvei Michkov is hit by Noel Acciari.
4:17 of 3rd period - Snap shot by Matvei Michkov.
4:17 of 3rd period - Shot Misses the Net.
4:19 of 3rd period - Slapshot by Kevin Fiala.
4:19 of 3rd period - Shot Misses the Net.
4:21 of 3rd period - Snap shot by Oscar Klefbom.
4:21 of 3rd period - Shot Blocked by Daniil But.
4:23 of 3rd period - Slapshot by Gustav Forsling.
4:23 of 3rd period - Stopped by Akira Schmid with a rebound.
4:25 of 3rd period - Slapshot by Matvei Michkov.
4:25 of 3rd period - Stopped by Akira Schmid with a rebound.
4:27 of 3rd period - Snap shot by Matvei Michkov.
4:27 of 3rd period - Stopped by Akira Schmid with a rebound.
4:32 of 3rd period - Minor Penalty to Rasmus Ristolainen for Tripping.
4:33 of 3rd period - Anze Kopitar wins face-off versus Noel Acciari in Sharks zone.
4:57 of 3rd period - Sebastian Aho (D) is hit by Kevin Fiala and loses puck.
5:35 of 3rd period - Snap shot by William Karlsson.
5:35 of 3rd period - Shot Misses the Net.
6:32 of 3rd period - Penalty to Rasmus Ristolainen is over, Rasmus Ristolainen is back on ice.
7:16 of 3rd period - Minor Penalty to Alexander Edler for Roughing.
7:17 of 3rd period - Anze Kopitar wins face-off versus Nikolaj Ehlers in Sharks zone.
7:21 of 3rd period - Snap shot by Patrik Laine.
7:21 of 3rd period - Stopped by Akira Schmid with a rebound.
7:41 of 3rd period - Gustav Forsling is hit by Gustav Nyquist and loses puck.
8:10 of 3rd period - Penalty to Auston Matthews is over, Auston Matthews is back on ice.
8:12 of 3rd period - Auston Matthews is hit by Yanni Gourde and loses puck.
9:10 of 3rd period - Nikolaj Ehlers is hit by Yanni Gourde and loses puck.
9:16 of 3rd period - Penalty to Alexander Edler is over, Alexander Edler is back on ice.
9:21 of 3rd period - Slapshot by Daniil But.
9:21 of 3rd period - Shot Blocked by Gustav Forsling.
9:23 of 3rd period - Slapshot by Philip Broberg.
9:23 of 3rd period - Stopped by Anton Forsberg without a rebound.
9:24 of 3rd period - Gabriel Vilardi wins face-off versus Noel Acciari in Kings zone.
9:33 of 3rd period - Wrist shot by Daniil But.
9:33 of 3rd period - Shot Blocked by Gabriel Vilardi.
9:35 of 3rd period - Snap shot by Mark Giordano.
9:35 of 3rd period - Shot Misses the Net.
9:37 of 3rd period - Wrist shot by Derek Stepan.
9:37 of 3rd period - Stopped by Anton Forsberg with a rebound.
9:39 of 3rd period - Wrist shot by Noel Acciari.
9:39 of 3rd period - Goal by Noel Acciari - Sharks : 2 - Kings : 1.
9:40 of 3rd period - Auston Matthews wins face-off versus Matvei Michkov in neutral zone.
9:47 of 3rd period - Wrist shot by Matvei Michkov.
9:47 of 3rd period - Shot Misses the Net.
10:13 of 3rd period - Wrist shot by Frederick Gaudreau.
10:13 of 3rd period - Shot Misses the Net.
10:15 of 3rd period - Slapshot by Sebastian Aho (D).
10:15 of 3rd period - Shot Blocked by Gustav Forsling.
10:31 of 3rd period - Slapshot by Derek Stepan.
10:31 of 3rd period - Stopped by Anton Forsberg with a rebound.
10:55 of 3rd period - Snap shot by Gabriel Vilardi.
10:55 of 3rd period - Stopped by Akira Schmid without a rebound.
10:56 of 3rd period - Auston Matthews wins face-off versus Gabriel Vilardi in Sharks zone.
11:23 of 3rd period - Michael McCarron is hit by Dustin Brown and loses puck.
11:28 of 3rd period - Wrist shot by Dustin Brown.
11:28 of 3rd period - Shot Misses the Net.
11:30 of 3rd period - Slapshot by Alexander Edler.
11:30 of 3rd period - Deflect By Gustav Nyquist.
11:30 of 3rd period - Stopped by Anton Forsberg without a rebound.
11:31 of 3rd period - Anze Kopitar wins face-off versus Noel Acciari in Kings zone.
11:44 of 3rd period - Minor Penalty to Anze Kopitar for Interference.
11:45 of 3rd period - Auston Matthews wins face-off versus Yanni Gourde in Kings zone.
11:46 of 3rd period - Wrist shot by Nikolaj Ehlers.
11:46 of 3rd period - Shot Misses the Net.
12:00 of 3rd period - Oscar Klefbom is hit by Nikolaj Ehlers and loses puck.
12:32 of 3rd period - Off-side.
12:33 of 3rd period - Gabriel Vilardi wins face-off versus Dustin Brown in neutral zone.
12:42 of 3rd period - Slapshot by Mark Giordano.
12:42 of 3rd period - Stopped by Anton Forsberg with a rebound.
13:34 of 3rd period - William Borgen is hit by Gustav Forsling and loses puck.
13:44 of 3rd period - Penalty to Anze Kopitar is over, Anze Kopitar is back on ice.
14:06 of 3rd period - Off-side.
14:07 of 3rd period - Gabriel Vilardi wins face-off versus Auston Matthews in neutral zone.
14:10 of 3rd period - Slapshot by Noah Hanifin.
14:10 of 3rd period - Stopped by Akira Schmid without a rebound.
14:11 of 3rd period - Auston Matthews wins face-off versus Gabriel Vilardi in Sharks zone.
15:18 of 3rd period - Derek Stepan is hit by Patrik Laine and loses puck.
15:41 of 3rd period - Snap shot by Gabriel Vilardi.
15:41 of 3rd period - Stopped by Akira Schmid with a rebound.
15:57 of 3rd period - Wrist shot by Nikolaj Ehlers.
15:57 of 3rd period - Stopped by Anton Forsberg with a rebound.
18:57 of 3rd period - Snap shot by Sidney Crosby.
18:57 of 3rd period - Deflect By Nikolaj Ehlers.
18:57 of 3rd period - Goal by Nikolaj Ehlers - Sharks : 3 - Kings : 1.
18:58 of 3rd period - Noel Acciari wins face-off versus Ryan Donato in neutral zone.
19:00 of 3rd period - Off-side.
19:01 of 3rd period - Noel Acciari wins face-off versus Yanni Gourde in neutral zone.
19:47 of 3rd period - Backhand shot by Anze Kopitar.
19:47 of 3rd period - Shot Misses the Net.
19:53 of 3rd period - Snap shot by Rickard Rakell.
19:53 of 3rd period - Shot Blocked by Mark Giordano.
19:55 of 3rd period - Snap shot by Rickard Rakell.
19:55 of 3rd period - Shot Blocked by Rasmus Ristolainen.
19:59 of 3rd period - Wrist shot by Anze Kopitar.
19:59 of 3rd period - Stopped by Akira Schmid with a rebound.
Goals for this period are 2 for Sharks vs 0 for Kings.
Shots for this period are 15 for Sharks vs 14 for Kings.